 Dungeon Crawl Stone Soup version 0.19-a0-1007-g133f65f (webtiles) character file.

371 Implojin the Ruffian (level 6, -4/59 HPs)
             Began as a Troll Fighter on July 20, 2016.
             Slain by a wight
             ... wielding a cursed +3 scimitar
              (12 damage)
             ... on level 6 of the Dungeon.
             The game lasted 00:04:21 (708 turns).

Implojin the Ruffian (Troll Fighter)                 Turns: 708, Time: 00:04:21

Health: -4/59      AC:  5    Str: 25    XL:     6   Next: 42%
Magic:  14/14      EV:  8    Int:  4    God:
Gold:   29         SH:  8    Dex: 11    Spells: 0 memorised, 5 levels left

rFire  . . .     SeeInvis .       - Unarmed
rCold  . . .     Gourm    +     a - +0 robe
rNeg   . . .     Faith    .     b - +0 shield
rPois  .         Spirit   .     (helmet restricted)
rElec  .         Dismiss  .     (no cloak)
rCorr  .         Reflect  .     (gloves unavailable)
SustAt .         Harm     .     (boots unavailable)
MR     .....                    (no amulet)
Stlth  ++........               q - ring of stealth
                                f - ring of magical power

@: drained, not resistant to hostile enchantments, unstealthy
A: unfitting armour, claws 3, fast metabolism 3, gourmand, regeneration 2,
shaggy fur 1, tough skin 2
a: no special abilities


You were on level 6 of the Dungeon.
You were full.

You visited 1 branch of the dungeon, and saw 6 of its levels.

You collected 29 gold pieces.

Inventory:

Hand Weapons
 m - a +0 flail
 o - a +0 morningstar
Armour
 a - a +0 robe (worn)
 b - a +0 shield (worn)
Jewellery
 f - a ring of magical power (left claw)
 n - an uncursed ring of fire
 q - a ring of stealth (right claw)
Wands
 h - a wand of paralysis (15/24)
Scrolls
 c - 4 scrolls of random uselessness {unknown}
 g - a scroll of amnesia {unknown}
 r - a scroll of teleportation {unknown}
 t - a scroll of recharging {unknown}
 v - a scroll of enchant armour {unknown}
Potions
 e - 2 potions of curing
 i - a potion of degeneration {unknown}
 k - a potion of haste {unknown}
 l - 3 potions of berserk rage
 p - 2 potions of brilliance
Books
 s - a book of Battle

   Spells                             Type                      Level
   a - Infusion                       Charms                       1
   b - Shroud of Golubria             Charms/Translocation         2
   c - Song of Slaying                Charms                       2
   d - Spectral Weapon                Hexes/Charms                 3
   e - Regeneration                   Charms/Necromancy            3
Comestibles
 d - 2 bread rations
 u - a meat ration


   Skills:
 - Level 2.4(2.1) Fighting
 - Level 2.4(2.1) Dodging
 - Level 2.4(2.1) Shields
 * Level 6.9(6.6) Unarmed Combat


You had 5 spell levels left.
You didn't know any spells.

Dungeon Overview and Level Annotations

Branches:
Dungeon (6/15)
 Temple: D:4-7

Altars:
Cheibriados
Kikubaaqudgha
Ru


Innate Abilities, Weirdness & Mutations

You are too large for most types of armour.
You have claws for hands.
Your metabolism is lightning-fast.
You like to eat raw meat.
You heal very quickly.
You are covered in fur. (AC +1)
You have very tough skin. (AC +2)


Message History

The shadow imp hits you.
* * * LOW HITPOINT WARNING * * *
Unknown command.
You scratch the shadow imp.
The shadow imp is lightly wounded.
You block the shadow imp's attack.
You scratch the shadow imp.
The shadow imp is moderately wounded.
The shadow imp hits you.
* * * LOW HITPOINT WARNING * * *
Unknown command.
You scratch the shadow imp.
The shadow imp is heavily wounded.
The shadow imp hits you.
* * * LOW HITPOINT WARNING * * *
Unknown command.
You claw the shadow imp!
You kill the shadow imp!
Unknown command.
Your shield prevents you from hitting the wight.
You block the wight's attack.
You closely miss the wight. You claw the wight!
The wight is heavily damaged.
The wight hits you with an enchanted scimitar!
* * * LOW HITPOINT WARNING * * *
Unknown command.
You closely miss the wight.
The wight is heavily damaged.
You block the wight's attack.
You barely miss the wight.
The wight is heavily damaged.
The wight hits you with an enchanted scimitar!
* * * LOW HITPOINT WARNING * * *
You feel drained.
* * * LOW HITPOINT WARNING * * *
You closely miss the wight.
The wight is heavily damaged.
The wight hits you with an enchanted scimitar!
You die...

....#.....#....#
#.....#.###....#
....$...../[#
...........#
...........#
.....$...Z.#
........zz##
.....####z#
..##. #@# # #.#
#.# ... ....#
##...# #####


You could see 3 wights and a hound skeleton.

Vanquished Creatures
  A giant frog (D:6)
  A water moccasin skeleton (D:4)
  A howler monkey (D:4)
  2 hounds (D:5)
  An iguana (D:4)
  Terence (D:2)
  A worker ant (D:5)
  2 gnolls
  2 adders
  A shadow imp (D:6)
  A worm (D:3)
  A dart slug (D:2)
  10 orcs
  2 giant cockroaches
  2 hobgoblins
  3 jackals (D:4)
  2 quokkas
  3 rats (D:3)
37 creatures vanquished.

Vanquished Creatures (others)
  A human (D:4)
1 creature vanquished.

Grand Total: 38 creatures vanquished

Notes
Turn   | Place    | Note
-------+----------+-------------------------------------------
     0 | D:1      | Implojin the Troll Fighter began the quest for the Orb.
     0 | D:1      | Reached XP level 1. HP: 22/22 MP: 0/0
    25 | D:2      | Noticed Terence
    37 | D:2      | Killed Terence
    37 | D:2      | Reached skill level 3 in Unarmed Combat
    37 | D:2      | Reached XP level 2. HP: 12/29 MP: 1/1
    41 | D:2      | Reached XP level 3. HP: 12/36 MP: 2/2
   117 | D:3      | Found a sacrificial altar of Ru.
   231 | D:4      | Found an ancient bone altar of Kikubaaqudgha.
   231 | D:4      | Noticed a human
   234 | D:4      | Killed a human
   237 | D:4      | Reached skill level 4 in Unarmed Combat
   257 | D:4      | Reached XP level 4. HP: 44/44 MP: 3/3
   273 | D:4      | Reached skill level 5 in Unarmed Combat
   301 | D:4      | Found a snail-covered altar of Cheibriados.
   342 | D:4      | Reached XP level 5. HP: 46/50 MP: 4/4
   358 | D:5      | Entered Level 5 of the Dungeon
   433 | D:5      | Reached skill level 6 in Unarmed Combat
   617 | D:5      | Reached XP level 6. HP: 58/59 MP: 5/5
   708 | D:6      | Slain by a wight

Vault maps used:
D:1:      minmay_arrival_hallway, minmay_hexomino_f4
D:2:      gammafunk_pakellas_its_alive, uniq_terence
D:3:      grunt_temple_overflow_open, nicolae_overflow_hidden_temple,
          nicolae_ru_path_of_blood, uniq_crazy_yiuf_cottage
D:4:      marbit_many_paths, serial_shops, nicolae_shop_stone, first_bread,
          tgw_kikubaaqudgha
D:5:      portal_sewer_entry_d, uniq_sigmund
D:6:      tso_metal_star, serial_glass, glass_columns_b, glass_columns_a

Skill      XL: |  1  2  3  4  5 |
---------------+----------------+-----
Unarmed Combat | 3 4 5 6 |  6.9
Fighting       | |  2.4
Dodging        | |  2.4
Shields        | |  2.4

Action                   |  1- 3 |  4- 6 || total
-------------------------+-------+-------++-------
Melee: Unarmed           |    35 |    93 ||   128
  Use: Potion            |     1 |       ||     1
       Scroll            |       |     3 ||     3
 Stab: Distracted        |       |     1 ||     1
  Eat: Chunk             |     7 |     2 ||     9
Armor: Robe              |    14 |    23 ||    37
Dodge: Dodged            |     9 |    27 ||    36
Block: Shield            |    16 |    48 ||    64

Table legend:
 A = Turns spent in this place as a percentage of turns spent in the entire game.
 B = Non-inter-level travel turns spent in this place as a percentage of non-inter-level travel turns spent in the entire game.
 C = Inter-level travel turns spent in this place as a percentage of turns spent in this place.
 D = Turns resting spent in this place as a percentage of non-inter-level travel turns spent in this place.
 E = Turns spent auto-exploring this place as a percentage of non-inter-level travel turns spent in this place.
 F = Non-inter-level travel turns spent in this place divided by the number of levels of this place that you've seen.
                   A       B       C       D       E      F
               +-------+-------+-------+-------+-------+----------------------
         Total | 100.0 | 100.0 |   0.0 |   0.0 |   0.0 | 116.0
       Dungeon | 100.0 | 100.0 |   0.0 |   0.0 |   0.0 | 116.0
               +-------+-------+-------+-------+-------+----------------------

Table legend:
 A = Kills in this place as a percentage of kills in entire the game.
 B = Kills by you in this place as a percentage of kills by you in the entire game.
 C = Kills by friends in this place as a percentage of kills by friends in the entire game.
 D = Other kills in this place as a percentage of other kills in the entire game.
 E = Experience gained in this place as a percentage of experience gained in the entire game.
 F = Experience gained in this place divided by the number of levels of this place that you have seen.
                   A       B       C       D       E      F
               +-------+-------+-------+-------+-------+----------------------
         Total | 100.0 | 100.0 |  -nan |  -nan | 100.0 |  88.5
       Dungeon | 100.0 | 100.0 |  -nan |  -nan | 100.0 |  88.5
               +-------+-------+-------+-------+-------+----------------------
